AoeStats
← Lykion

Nomad

507112896Analyzed
4v4 RM · 15d ago on Sep 16, 2026· 43m 10s· 8 players
Game mode
Random Map
Map size
231×231
Population
200
Speed
Normal
Resources
Standard
Victory
Conquest
Starting age
Dark Age
Ending age
Imperial Age
RankedLock teamsTeams togetherTeam positionsShared explorationLock speedFull tech treeHidden civsTurbo modeCheats
Victory
Defeat
🇪🇪 Byzantines · Estonia
1068
+15
🇩🇪 Goths · Germany
1056
+15
🇹🇷 Franks · Türkiye
1051
+15
🇳🇱 Magyars · Netherlands
1016
+17
🇯🇵 Britons · Japan
1104
-18
🇨🇳 Chinese · China
1056
-16
🇵🇪 Maya · Peru
995
-14
🇨🇱 Koreans · Chile
991
-14
Lykion
14:49 Feudal Age
14:00 Loom
16:45 Double-Bit Axe
25:40 Castle Age
25:04 Padded Archer Armor
27:45 Gold Mining
37:55 Imperial Age
36:51 Forging
36:52 Scale Barding Armor
38:10 Iron Casting
38:20 Cavalier
39:43 Husbandry
40:26 Gold Shaft Mining
39:42 Stone Mining
42:52 Wheelbarrow
42:58 Chain Barding Armor
wereld9
3:40 Loom
3:44 Loom
15:40 Feudal Age
37:10 Castle Age
41:38 Wheelbarrow
nebukatser
5:13 Loom
17:53 Feudal Age
18:44 Double-Bit Axe
23:33 Scale Barding Armor
29:23 Forging
31:42 Fletching
33:55 Castle Age
32:34 Wheelbarrow
32:22 Padded Archer Armor
32:50 Horse Collar
34:01 Elite Skirmisher
34:38 Bodkin Arrow
34:58 Leather Archer Armor
43:13 Imperial Age
42:26 Bow Saw
WiLLeX
4:19 Loom
14:06 Feudal Age
19:15 Castle Age
18:11 Man-at-Arms
19:17 Scale Mail Armor
19:27 Forging
19:02 Fishing Lines
19:36 Double-Bit Axe
19:53 Stone Mining
21:52 Medium Warships
23:11 Fletching
26:36 Gillnets
29:08 Wheelbarrow
28:19 Town Watch
29:02 Chain Mail Armor
32:37 Pikeman
33:04 Town Watch
34:40 Demolition Ship
35:32 Padded Archer Armor
35:36 Demolition Ship
36:31 Squires
39:13 Imperial Age
41:56 Conscription
Poema_Arcanus
4:58 Loom
15:20 Feudal Age
16:15 Double-Bit Axe
18:55 Gold Mining
23:57 Castle Age
24:21 Fletching
24:24 Crossbowman
25:10 Thumb Ring
25:47 Medium Warships
26:07 Bodkin Arrow
31:24 Horse Collar
32:06 Man-at-Arms
32:32 Gambesons
32:47 Squires
32:32 Arson
34:14 Long Swordsman
35:48 Scale Mail Armor
39:02 Chain Mail Armor
41:18 Wheelbarrow
40:29 Town Watch
41:55 Pikeman
sada-aki
5:27 Loom
12:34 Feudal Age
13:06 Double-Bit Axe
14:56 Fletching
威力古德
4:00 Loom
15:42 Feudal Age
19:41 Castle Age
25:09 Stone Mining
25:59 Double-Bit Axe
26:52 Bow Saw
27:49 Fishing Lines
29:23 Padded Archer Armor
29:13 Fletching
40:50 Imperial Age
39:56 Husbandry
40:07 Bloodlines
43:15 Leather Archer Armor
42:51 Fletching
Django
3:43 Loom
14:29 Feudal Age
20:58 Castle Age
20:56 Fletching
22:37 Crossbowman
25:48 Bodkin Arrow
31:22 Wheelbarrow
31:09 Padded Archer Armor
32:38 Hand Cart
31:58 Pikeman
34:51 Scale Mail Armor
35:02 Forging
36:35 Chain Mail Armor
37:39 Iron Casting
39:23 Man-at-Arms
41:23 Long Swordsman
Connection lost

Rejoining the realm…

Still unreachable

The connection could not be restored.

Session expired

The server has moved on; the page needs a fresh start.